 Dungeon Crawl Stone Soup version 0.30.0-17-ge0270778cf (webtiles) character file.

Game seed: 15171849975336755934

88 Irreverend the Magician (level 4, -1/31 HPs)
             Began as a Djinni Fire Elementalist on May 23, 2023.
             Slain by a hobgoblin (4 damage)
             ... on level 3 of the Dungeon.
             The game lasted 00:03:50 (1955 turns).

Irreverend the Magician (Djinni Fire Elementalist)  Turns: 1955, Time: 00:03:51

Health: -1/31      AC:  2    Str: 10    XL:     4   Next: 82%
Gold:   192        EV: 13    Int: 24    God:
                   SH:  0    Dex: 20

rFire   + + +        (no weapon)
rCold   x x .        (no shield)
rNeg    . . .        a - +0 robe
rPois   ∞            (no helmet)
rElec   .            (no cloak)
rCorr   +            (no gloves)
SInv    .            (boots unavailable)
Will    .....        (no amulet)
Stlth   ++           q - ring of the Gloaming {rF++ rC- rCorr Str+3 Dex+6}
HPRegen 0.25/turn    b - +6 ring of intelligence
MPRegen 0.00/turn

%: infuse magic (-2 HP)
@: flying
A: sickness immunity, fire resistance 2, cold vulnerability 1, float, innate
caster, HP casting, extra vitality 1
a: no special abilities


You were on level 3 of the Dungeon.
You visited 1 branch of the dungeon, and saw 3 of its levels.

You collected 192 gold pieces.

Inventory:

Armour
 a - a +0 robe (worn)
Jewellery
 b - a +6 ring of intelligence (right hand)
 q - the ring of the Gloaming (left hand) {rF++ rC- rCorr Str+3 Dex+6}
   (You found it on level 3 of the Dungeon)

   [ring of dexterity]

   Str:       It affects your strength (+3).
   Dex:       It affects your dexterity (+6).
   rF:        It greatly protects you from fire.
   rC:        It makes you vulnerable to cold.
   rCorr:     It protects you from acid and corrosion.
Scrolls
 g - 2 scrolls of identify {unknown}
 h - a scroll of magic mapping {unknown}
 k - 2 scrolls of fog {unknown}
 m - a scroll of enchant weapon {unknown}
 p - a scroll of noise {unknown}
 r - a scroll of teleportation {unknown}
Potions
 c - 2 potions of mutation {unknown}
 d - 2 potions of curing {unknown}
 e - 2 potions of might {unknown}
 f - 2 potions of heal wounds {unknown}
 i - 3 potions of attraction {unknown}
 j - a potion of brilliance {unknown}
 l - a potion of flight {unknown}
 n - a potion of haste {unknown}
 o - a potion of degeneration {unknown}


   Skills:
 - Level 2.1 Dodging
 - Level 1.5 Stealth
 + Level 4.0 Spellcasting


You knew the following spells:

 Your Spells              Type           Power      Damage    Failure   Level
a - Foxfire               Conj/Fire      96%        2x1d8     1%          1
b - Scorch                Fire           48%        2d7       2%          2
c - Volatile Blastmotes   Fire/Tloc      48%        2d14      5%          3
d - Inner Flame           Hex/Fire       24%        N/A       5%          3
e - Flame Wave            Conj/Fire      24%        2d8       19%         4
f - Summon Small Mammal   Summ           96%        N/A       1%          1
Your spell library was empty.

Dungeon Overview and Level Annotations

Branches:
Dungeon (3/15)

Altars:

Annotations:
D:3 Ijyb


Innate Abilities, Weirdness & Mutations

You are immune to sickness and miasma.
You are immune to poison.
Your flesh is very heat resistant. (rF++)
You are vulnerable to cold. (rC-)
You float through the air rather than walking.
You learn spells naturally, not from books.
Your magical power is your life essence.
You have superior vitality. (+4 MHP)


Message History

A hobgoblin comes into view.
The hobgoblin shouts!
You hit Ijyb but do no damage.
Ijyb is heavily wounded.
Ijyb hits you but does no damage.
You hit Ijyb.
Ijyb is heavily wounded.
Ijyb hits you but does no damage.
You hit Ijyb but do no damage.
Ijyb is heavily wounded.
Ijyb hits you with a +0 dagger.
You barely miss Ijyb.
Ijyb is heavily wounded.
Ijyb hits you with a +0 dagger.
You completely miss Ijyb.
Ijyb is heavily wounded.
Ijyb hits you with a +0 dagger.
You hit Ijyb but do no damage.
Ijyb is heavily wounded.
You feel less wooden.
Your +0 robe unmelds from your body.
Ijyb hits you with a +0 dagger.
You hit Ijyb but do no damage.
Ijyb is heavily wounded.
Ijyb hits you with a +0 dagger.
* * * LOW HITPOINT WARNING * * *
The hobgoblin hits you.
* * * LOW HITPOINT WARNING * * *
You hit Ijyb but do no damage.
Ijyb is heavily wounded.
Ijyb hits you with a +0 dagger.
* * * LOW HITPOINT WARNING * * *
The hobgoblin misses you.
You hit Ijyb but do no damage.
Ijyb is heavily wounded.
Ijyb zaps a wand.
You resist with some effort. The hobgoblin hits you.
* * * LOW HITPOINT WARNING * * *
You hit Ijyb but do no damage.
Ijyb is heavily wounded.
Ijyb zaps a wand.
You resist with some effort. The hobgoblin hits you.
You die...

#.# #.# #.#
#######>##
.........#
#####.#..####
#.......#
##...#.(########
#.....@g.......
#..##.g########
#......#
##.###.######.#..
#..........g....
#####.######.###
#.# #.# #.#


You could see Ijyb and a hobgoblin.

Vanquished Creatures
  3 adders (D:2)
  A worm (D:2)
  5 dart slugs
  6 ball pythons
  2 endoplasms
  A giant cockroach (D:2)
  2 goblins
  3 hobgoblins
  8 jackals (D:2)
  A quokka (D:1)
  3 bats (D:1)
  3 frilled lizards
  7 kobolds
  4 rats
49 creatures vanquished.

Vanquished Creatures (others)
  57 foxfires
57 creatures vanquished.

Grand Total: 106 creatures vanquished

Notes
Turn   | Place    | Note
-------+----------+-------------------------------------------
     0 | D:1      | Irreverend the Djinni Fire Elementalist began the quest for
                  | the Orb.
     0 | D:1      | Irreverend set off with the following spells memorised:
                  | Foxfire, Scorch, Volatile Blastmotes, Inner Flame, Flame
                  | Wave.
     0 | D:1      | Reached XP level 1. HP: 15/15 MP: 0/0
    50 | D:1      | Reached XP level 2. HP: 19/21 MP: 0/0
   154 | D:1      | Reached skill level 3 in Spellcasting
   282 | D:1      | Reached XP level 3. HP: 11/25 MP: 0/0
   282 | D:1      | Learned a level 1 spell: Summon Small Mammal
   854 | D:2      | Reached XP level 4. HP: 16/31 MP: 0/0
  1231 | D:2      | Reached skill level 4 in Spellcasting
  1367 | D:2      | Found a faded altar of an unknown god.
  1841 | D:3      | Identified the ring of the Gloaming {rF++ rC- rCorr Str+3
                  | Dex+6}
  1907 | D:3      | Noticed Ijyb
  1955 | D:3      | Slain by a hobgoblin

Illustrated notes

Levels and vault maps discovered:
D:1:      lemuel_arrival_cross, layout_rooms, hex_tiny, minmay_split_cup_large
D:2:      layout_basic, basic_ecumenical_altar, minmay_hexomino_u4
D:3:      layout_loops_ring, doesnt_xom_only_xom, uniq_ijyb

Skill      XL: |  1  2  3  4 |
---------------+-------------+-----
Spellcasting   | 3 4 |  4.0
Dodging        | |  2.1
Stealth        | |  1.5

Action                     |  1- 3 |  4- 6 || total
---------------------------+-------+-------++-------
  Melee: Unarmed           |       |    24 ||    24
   Cast: Foxfire           |    12 |    23 ||    35
         Scorch            |    22 |    19 ||    41
         Volatile Blastmot |     2 |     4 ||     6
 Armour: Robe              |     6 |       ||     6
         Skin              |       |    11 ||    11
  Dodge: Dodged            |     7 |     4 ||    11
